 Dungeon Crawl Stone Soup version 0.32-a0-484-g2eb335deba (webtiles) character file.

Game seed: 2394319598400348729

1556 Alarak the Blocker (level 9, -10/68 HPs)
             Began as a Formicid Fighter on Feb 26, 2024.
             Was a Follower of Cheibriados.
             Killed by divine providence
             ... invoked by an orc priest
              (13 damage)
             ... on level 6 of the Dungeon.
             The game lasted 00:16:12 (4586 turns).

Alarak the Blocker (Formicid Fighter)               Turns: 4586, Time: 00:16:13

Health: -10/68     AC: 24    Str: 26    XL:     9   Next: 12%
Magic:  9/9        EV:  9    Int: 19    God:    Cheibriados [*.....]
Gold:   310        SH: 11    Dex: 16    Spells: 8/8 levels left

rFire   + + +        v - +3 hand axe (elec)
rCold   . . .        t - +0 kite shield
rNeg    + . .        o - +2 pearl dragon scales "Nihas" {rPois rF+++ rN+ Str-2 Int+8}
rPois   +            (helmet unavailable)
rElec   .            (no cloak)
rCorr   .            (no gloves)
SInv    +            (no boots)
Will    .....        i - amulet of faith Stlth
                     f - +4 ring of protection
HPRegen 0.31/turn    q - +4 ring of protection
MPRegen 0.11/turn

%: faith
@: mighty, very slow
A: permanent stasis, dig shafts and tunnels, antennae 3, four strong arms
a: Dig, Shaft Self, Renounce Religion, Bend Time


You were on level 6 of the Dungeon.
You worshipped Cheibriados.
Cheibriados was aware of your devotion.
You visited 2 branches of the dungeon, and saw 7 of its levels.

You collected 373 gold pieces.
You spent 63 gold pieces at shops.

Inventory:

Hand Weapons
 a - a +0 war axe
 v - a +3 hand axe of electrocution (weapon)
Missiles
 e - a throwing net
Armour
 o - the +2 pearl dragon scales "Nihas" (worn) {rPois rF+++ rN+ Str-2 Int+8}
   (You acquired it on level 3 of the Dungeon)

   Str-2:     It affects your strength (-2).
   Int+8:     It affects your intelligence (+8).
   rF+++:     It renders you almost immune to fire.
   rPois:     It protects you from poison rN+: It protects you from negative
   energy.
 t - a +0 kite shield (worn)
Jewellery
 f - a +4 ring of protection (left hand)
 i - an amulet of faith (around neck)
 p - a ring of protection from cold
 q - a +4 ring of protection (right hand)
Wands
 c - a wand of digging (6)
Scrolls
 j - 3 scrolls of identify
 l - a scroll of brand weapon
 w - a scroll of vulnerability {unknown}
Potions
 b - 3 potions of degeneration {unknown}
 g - 4 potions of lignification {unknown}
 h - a potion of brilliance {unknown}
 k - a potion of enlightenment {unknown}
 m - a potion of berserk rage {unknown}
 n - 4 potions of curing {unknown}
 r - a potion of ambrosia {unknown}
 s - a potion of invisibility {unknown}
 u - a potion of heal wounds {unknown}


   Skills:
 - Level 5.1 Fighting
 - Level 2.0 Axes
 - Level 9.1 Armour
 + Level 9.6 Shields


You had 8 spell levels left.
You didn't know any spells.
Your spell library contained the following spells:

 Spells                   Type           Power      Damage    Failure   Level
 Hailstorm                Conj/Ice       0%         3d5       94%         3
 Inner Flame              Hex/Fire       0%         N/A       94%         3
 Stone Arrow              Conj/Erth      0%         3d7       94%         3
 Summon Ice Beast         Ice/Summ       0%         N/A       94%         3
 Leda's Liquefaction      Alch/Erth      0%         N/A       100%        4
 Irradiate                Conj/Alch      0%         3d11      100%        5
 Ignition                 Fire           0%         3d3       100%        8


Dungeon Overview and Level Annotations

Branches:
Dungeon (6/15)             Temple (1/1) D:4

Altars:
Ashenzari
Cheibriados
Dithmenos
Elyvilon
Fedhas
Gozag
Hepliaklqana
Kikubaaqudgha
Makhleb
Nemelex Xobeh
Okawaru
Qazlal
Ru
Sif Muna
Trog
Uskayaw
Vehumet
Wu Jian
Xom
Yredelemnul
Zin
The Shining One

Shops:
D:3 *


Innate Abilities, Weirdness & Mutations

You cannot be hasted, slowed, berserked, paralysed or teleported.
You can dig through walls and to a lower floor.
You have a pair of large antennae on your head. (SInv)
Your four strong arms can wield two-handed weapons with a shield.


Message History

The orc priest mumbles some strange prayers to Beogh against you.
Beogh smites you!
The orc priest mumbles some strange prayers to Beogh against you.
Beogh smites you! You block the orc priest's attack.
You hit the orc priest.
The orc priest is lightly wounded.
The orc priest mumbles some strange prayers to Beogh against you.
Beogh smites you!
The orc priest calls down the wrath of Beogh upon you.
Pain shoots through your body!
The orc wizard mumbles some strange words.
The orc wizard flickers and vanishes for a moment.
Okay, then.
You hit the orc priest.
Lightning courses through the orc priest!!
You kill the orc priest!
Cheibriados appreciates the change of pace.
You closely miss the orc. You block the orc's attack.
The orc priest mumbles some strange prayers to Beogh against you.
Beogh smites you!
* * * LOW HITPOINT WARNING * * *
The orc misses you.
You hit the orc.
The orc is lightly wounded.
You block the orc's attack.
You feel very mighty all of a sudden. You block the orc's attack.
You barely miss the orc.
The orc is lightly wounded.
The orc hits you but does no damage.
The orc priest calls down the wrath of Beogh upon you.
Beogh smites you!
* * * LOW HITPOINT WARNING * * *
You hit the orc. Lightning courses through the orc!
You kill the orc!
Cheibriados appreciates the change of pace.
The orc priest calls down the wrath of Beogh upon you.
Beogh smites you!
You die...
Cheibriados appreciates the motionlessness of death.

....# ... ... ... ### #o# ..#####
#o# #.....## #)# .......>. #@#
######### #.# #.# #.##### #.....#
### #.....# ..### #######.....#
...... ...[..'.....#
..##############.....############


You could see an orc priest and an orc wizard (invisible).

Vanquished Creatures
  Pikel (D:5)
  A water moccasin (D:5)
  A black bear (D:5)
  An ogre (D:6)
  2 centaurs (D:6)
  A phantom (D:4)
  Blork the orc (D:4)
  2 scorpions
  A jelly (D:5)
  2 hounds
  2 orc priests (D:6)
  3 iguanas
  An orc wizard (D:3)
  3 gnolls (D:5)
  3 adders
  A shadow imp (D:5)
  A white imp (D:6)
  3 dart slugs
  3 ribbon worms
  12 orcs
  9 bats
  7 endoplasms
  3 giant cockroaches
  6 goblins
  6 hobgoblins
  3 jackals (D:3)
  5 quokkas
  7 ball pythons
  5 frilled lizards
  8 kobolds
  6 rats
110 creatures vanquished.

Notes
Turn   | Place    | Note
-------+----------+-------------------------------------------
     0 | D:1      | Alarak the Formicid Fighter began the quest for the Orb.
     0 | D:1      | Reached XP level 1. HP: 18/18 MP: 1/1
    85 | D:1      | Reached XP level 2. HP: 24/25 MP: 2/2
   108 | D:1      | Got the Collected Works on the Petrified Wendigo
   533 | D:2      | Reached XP level 3. HP: 31/31 MP: 3/3
  1268 | D:2      | Reached skill level 5 in Fighting
  1268 | D:2      | Reached XP level 4. HP: 38/39 MP: 4/4
  1533 | D:3      | Identified a scroll of acquirement
  1533 | D:3      | Acquired the +2 pearl dragon scales "Nihas" {rPois rF+++
                  | rN+ Str-2 Int+8}
  1979 | D:3      | Found Irac's General Store.
  2014 | D:3      | Bought a +0 kite shield for 63 gold pieces
  2104 | D:3      | Reached XP level 5. HP: 43/44 MP: 5/5
  2370 | D:3      | Found a faded altar of an unknown god.
  2370 | D:3      | Found a glowing silver altar of Zin.
  2377 | D:3      | Found a shimmering blue altar of Sif Muna.
  2379 | D:3      | Found a faded altar of an unknown god.
  2381 | D:3      | Found an ancient bone altar of Kikubaaqudgha.
  2473 | D:4      | Noticed Blork the orc
  2485 | D:4      | Killed Blork the orc
  2486 | D:4      | Reached skill level 5 in Armour
  2486 | D:4      | Reached XP level 6. HP: 23/51 MP: 6/6
  2991 | D:4      | Found a staircase to the Ecumenical Temple.
  3033 | Temple   | Entered the Ecumenical Temple
  3041 | Temple   | Became a worshipper of Cheibriados the Contemplative
  3218 | D:4      | Reached XP level 7. HP: 56/56 MP: 7/7
  3398 | D:5      | Entered Level 5 of the Dungeon
  3427 | D:5      | Noticed Pikel
  3437 | D:5      | Killed Pikel
  3438 | D:5      | Reached XP level 8. HP: 53/62 MP: 8/8
  3502 | D:5      | Reached skill level 5 in Shields
  3874 | D:5      | Reached * piety under Cheibriados
  4450 | D:6      | Reached XP level 9. HP: 56/68 MP: 9/9
  4585 | D:6      | HP: 3/68 [orc priest/divine providence (15)]
  4586 | D:6      | Killed from afar by an orc priest

Illustrated notes

Levels and vault maps discovered:
D:1:      dpeg_arrival_more_subterranean_lakeside_camping, layout_rooms
D:2:      layout_basic, minmay_surrounded
D:3:      layout_loops_ring, chequers_temple_overflow_minitemple, serial_shops,
          nicolae_shop_trees
D:4:      layout_basic, minmay_temple_entry_drinking_statues, uniq_blork_the_orc
D:5:      layout_gridville, kennysheep_nub, uniq_pikel
D:6:      layout_basic
Temple:   nicolae_temple_bog_church

Skill      XL: |  1  2  3  4  5  6  7  8 |
---------------+-------------------------+-----
Fighting       | 4 5 |  5.1
Armour         | 4 5 6 9 |  9.1
Shields        | 9 |  9.6
Axes           | |  2.0

Action                     |  1- 3 |  4- 6 |  7- 9 || total
---------------------------+-------+-------+-------++-------
  Melee: War axe           |   115 |    15 |       ||   130
         Whip              |       |   152 |     7 ||   159
         Hand axe          |       |       |   106 ||   106
    Use: Scroll            |     2 |     3 |     3 ||     8
         Potion            |       |       |     1 ||     1
 Armour: Scale mail        |    37 |       |       ||    37
         Chain mail        |    47 |     7 |       ||    54
         Pearl dragon scal |       |    97 |    77 ||   174
  Dodge: Dodged            |    50 |    66 |    40 ||   156
  Block: Buckler           |    24 |    24 |       ||    48
         Kite shield       |       |    27 |    79 ||   106

Table legend: (Time is in decaauts)
 A = Elapsed time spent in this place.
 B = Non-inter-level travel time spent in this place.
 C = Inter-level travel time spent in this place.
 D = Time resting spent in this place.
 E = Time spent auto-exploring this place.
 F = Levels seen in this place.
 G = Mean time per level.
                   A        B        C        D        E       F      G
               +--------+--------+--------+--------+--------+-----+--------+
         Total |   5060 |   4751 |    309 |    273 |   3418 |   7 |  722.9 |
       Dungeon |   5041 |   4749 |    292 |    273 |   3418 |   6 |  840.2 |
        Temple |     18 |      1 |     17 |      0 |      0 |   1 |   18.0 |
               +--------+--------+--------+--------+--------+-----+--------+

Top non-repeatable levels by time:
     D:2: 1041 daAuts
     D:4: 1003 daAuts
     D:5: 998 daAuts
     D:3: 960 daAuts
     D:1: 542 daAuts
     D:6: 495 daAuts
  Temple: 18 daAuts
